 Dungeon Crawl Stone Soup version 0.21.2 (webtiles) character file.

32 tidbits the Fighter (level 3, -4/38 HPs)
             Began as a Gnoll Wanderer on Jan 16, 2019.
             Was an Initiate of Cheibriados.
             Slain by a gnoll
             ... wielding a +0 flail
              (9 damage)
             ... on level 3 of the Dungeon.
             The game lasted 00:04:24 (353 turns).

tidbits the Fighter (Gnoll Wanderer)                 Turns: 353, Time: 00:04:24

Health: -4/38      AC:  7    Str: 13    XL:     3   Next: 25%
Magic:  3/3        EV: 11    Int: 17    God:    Cheibriados [......]
Gold:   68         SH:  0    Dex: 16    Spells: 3/3 levels left

rFire    . . .     SeeInvis .   a - +2 hand axe
rCold    . . .     Gourm    .   (no shield)
rNeg     . . .     Faith    .   B - +0 ring mail
rPois    .         Spirit   .   E - +0 helmet
rElec    .         Reflect  .   C - +0 cloak
rCorr    .         Harm     .   (no gloves)
MR       .....                  (no boots)
Stlth    +.........             (no amulet)
HPRegen  0.12/turn              (no ring)
MPRegen  0.08/turn              (no ring)

@: invisible, very slow
A: distributed training, fangs 1, strong nose
a: Bend Time, Renounce Religion


You were on level 3 of the Dungeon.
You worshipped Cheibriados.
Cheibriados was noncommittal.
You were not hungry.

You visited 1 branch of the dungeon, and saw 3 of its levels.

You collected 68 gold pieces.

Inventory:

Hand Weapons
 a - a +2 hand axe (weapon)
 b - a +0 dagger
 e - a +0 short sword
Missiles
 k - a tomahawk (quivered)
 n - 17 bolts
Armour
 d - a +0 robe
 B - a +0 ring mail (worn)
 C - a +0 cloak (worn)
 E - a +0 helmet (worn)
Scrolls
 h - a scroll of identify {unknown}
 i - a scroll of teleportation {unknown}
 l - 3 scrolls of enchant armour {unknown}
Potions
 c - a potion of curing
 g - a potion of invisibility
 j - a potion of flight {unknown}
 m - a potion of ambrosia {unknown}
Comestibles
 f - a ration


   Skills:
 + Level 8.5 Fighting
 + Level 0.6 Short Blades
 + Level 0.6 Long Blades
 + Level 4.5 Axes
 + Level 0.6 Maces & Flails
 + Level 0.6 Polearms
 + Level 2.5 Staves
 + Level 0.6 Slings
 + Level 0.6 Bows
 + Level 0.6 Crossbows
 + Level 0.6 Throwing
 + Level 0.6 Armour
 + Level 2.5 Dodging
 + Level 0.6 Stealth
 + Level 4.5 Shields
 + Level 0.6 Unarmed Combat
 + Level 0.6 Spellcasting
 + Level 0.4 Conjurations
 + Level 0.4 Hexes
 + Level 0.4 Charms
 + Level 0.4 Summonings
 + Level 0.4 Necromancy
 + Level 0.4 Translocations
 + Level 0.4 Transmutations
 + Level 0.4 Fire Magic
 + Level 0.4 Ice Magic
 + Level 0.4 Air Magic
 + Level 0.4 Earth Magic
 + Level 0.4 Poison Magic
 + Level 0.8 Invocations
 + Level 0.6 Evocations


You had 3 spell levels left.
You didn't know any spells.

Dungeon Overview and Level Annotations

Branches:
Dungeon (3/15)

Altars:
Cheibriados
Vehumet


Innate Abilities, Weirdness & Mutations

Your experience applies equally to all skills.
You have very sharp teeth.
Your uncanny sense of smell can sniff out nearby items.


Message History

Found 5 gold pieces.
The bat hits you but does no damage.
You hit the bat.
The bat is severely wounded.
The bat hits you but does no damage.
You hit the rat.
The rat is severely wounded.
The bat barely misses you. The rat closely misses you.
You hit the bat.
You kill the bat!
Cheibriados thoroughly appreciates the change of pace.
You hit the rat.
You kill the rat!
Cheibriados appreciates the change of pace.
Found 3 tomahawks.
You see here a spear.
Found 25 arrows.
You see here 5 gold pieces.
Unknown command.
You now have 48 gold pieces (gained 5).
You see here 5 gold pieces.
You now have 53 gold pieces (gained 5).
You see here 3 tomahawks.
k - 3 tomahawks Wear which item? (? for menu, Esc to quit)
Okay, then.
Unknown command.
Unknown command.
Found a robe.
Found 3 scrolls labeled IFOVEM DUOX and 15 gold pieces.
Unknown command.
You see here 3 scrolls labeled IFOVEM DUOX.
l - 3 scrolls labeled IFOVEM DUOX You see here 15 gold pieces.
You now have 68 gold pieces (gained 15).
Found a grey potion.
Found a cloak.
You see here a grey potion.
m - a grey potion You see here a cloak.
n - a cloak Wear which item? (? for menu, Esc to quit)
You start putting on your armour.
You continue putting on your cloak. x4
You finish putting on your +0 cloak.
Adjust (i)tems, (s)pells, or (a)bilities?
Adjust which item? (? for menu, Esc to quit)
n - a +0 cloak (worn)
Adjust to which letter? (? for menu, Esc to quit)
C - a +0 cloak (worn)
Found a robe and 17 bolts.
You see here a robe.
A dart slug comes into view.
You see here 17 bolts.
n - 17 bolts A gnoll comes into view. It is wielding a spear.
The gnoll shouts!
A gnoll comes into view. It is wielding a flail.
The gnoll shouts!
You hear a shout! x2
The dart slug bites you but does no damage.
A gnoll comes into view. It is wielding a spear.
You hit the dart slug.
The dart slug is lightly wounded.
The dart slug launches a dart at you. The slug dart hits you!
You hit the dart slug.
The dart slug is heavily wounded.
The gnoll hits you but does no damage. The dart slug launches a dart at you.
The slug dart hits you!
A gnoll comes into view. It is wielding a spear.
You hit the dart slug.
You kill the dart slug!
The gnoll hits you from afar with a spear.
Unknown command.
Throwing (i - inventory):
k - 3 tomahawks (quivered)
Press: ? - help, Shift-Dir - straight line, f - gnoll
Aim: a gnoll, wielding a spear You throw a tomahawk.
The tomahawk hits the gnoll.
The gnoll is moderately wounded.
Unknown command.
Throwing (i - inventory):
k - 2 tomahawks (quivered)
Press: ? - help, Shift-Dir - straight line, f/p - gnoll
Aim: a gnoll, wielding a spear You throw a tomahawk.
The tomahawk closely misses the gnoll.
The tomahawk hits the gnoll.
The gnoll is lightly wounded.
Unknown command.
You barely miss the gnoll.
The gnoll is moderately wounded.
The gnoll hits you with a flail!
* * * LOW HITPOINT WARNING * * *
You hit the gnoll. You bite the gnoll, but do no damage.
The gnoll is severely wounded.
The gnoll hits you with a flail!
* * * LOW HITPOINT WARNING * * *
The gnoll hits you but does no damage.
It was a potion of invisibility.
You fade into invisibility!
The gnoll hits you with a flail!
You die...

###########
#######gg@.[....#
.....g.g#######.#
######### #.# #.#
#.# #.# #.#
#.######
#......##


You could see 4 gnolls.

Vanquished Creatures
  A worm (D:2)
  A dart slug (D:3)
  6 orcs
  2 bats
  3 goblins
  3 hobgoblins
  A kobold (D:2)
  2 rats
19 creatures vanquished.

Notes
Turn   | Place    | Note
-------+----------+-------------------------------------------
     0 | D:1      | tidbits the Gnoll Wanderer began the quest for the Orb.
     0 | D:1      | tidbits set off with: a +2 hand axe, a +0 short sword, a potion of curing, a +0 robe, a ration
     0 | D:1      | Reached XP level 1. HP: 26/26 MP: 1/1
    92 | D:2      | Found a radiant altar of Vehumet.
   108 | D:2      | Found a snail-covered altar of Cheibriados.
   123 | D:2      | Became a worshipper of Cheibriados the Contemplative
   201 | D:2      | Reached XP level 2. HP: 23/33 MP: 2/2
   244 | D:3      | Reached XP level 3. HP: 13/38 MP: 3/3
   352 | D:3      | HP: 5/38 [gnoll/flail (9)]
   353 | D:3      | Slain by a gnoll

Action                   || total
-------------------------++-------
Melee: Hand axe          ||    49
       Bite              ||     7
       Punch             ||     1
Throw: Tomahawk          ||     2
  Use: Potion            ||     1
Armor: Robe              ||     8
       Ring mail         ||    10
Dodge: Dodged            ||    29

Table legend:
 A = Turns spent in this place as a percentage of turns spent in the entire game.
 B = Non-inter-level travel turns spent in this place as a percentage of non-inter-level travel turns spent in the entire game.
 C = Inter-level travel turns spent in this place as a percentage of turns spent in this place.
 D = Turns resting spent in this place as a percentage of non-inter-level travel turns spent in this place.
 E = Turns spent auto-exploring this place as a percentage of non-inter-level travel turns spent in this place.
 F = Non-inter-level travel turns spent in this place divided by the number of levels of this place that you've seen.
                   A       B       C       D       E      F
               +-------+-------+-------+-------+-------+----------------------
         Total | 100.0 | 100.0 |   0.0 |   0.0 |   0.0 | 117.7
       Dungeon | 100.0 | 100.0 |   0.0 |   0.0 |   0.0 | 117.7
               +-------+-------+-------+-------+-------+----------------------

Table legend:
 A = Kills in this place as a percentage of kills in entire the game.
 B = Kills by you in this place as a percentage of kills by you in the entire game.
 C = Kills by friends in this place as a percentage of kills by friends in the entire game.
 D = Other kills in this place as a percentage of other kills in the entire game.
 E = Experience gained in this place as a percentage of experience gained in the entire game.
 F = Experience gained in this place divided by the number of levels of this place that you have seen.
                   A       B       C       D       E      F
               +-------+-------+-------+-------+-------+----------------------
         Total | 100.0 | 100.0 |   N/A |   N/A | 100.0 |  15.3
       Dungeon | 100.0 | 100.0 |   N/A |   N/A | 100.0 |  15.3
               +-------+-------+-------+-------+-------+----------------------

Vault maps used:
D:1:      dpeg_arrival_concentric_ovals
D:2:      okawaru_trees_1, old_standard_altar, lemuel_crystal_altar,
          elyvilon_altar_4, serial_curves, eino_curves_03, eino_curves_03,
          minmay_misc_feat_rows, kennysheep_generic_room_6
D:3:      mrwooster_statue_mirror, uniq_sigmund, uniq_robin
